 Dungeon Crawl Stone Soup version 0.30.1-3-gfc49f6343a (webtiles) character file.

Game seed: 13325468925835737795

1832 Pepete the Nimble (level 8, -1/31 HPs)
             Began as a Felid Fire Elementalist on July 25, 2023.
             Was an Initiate of Gozag.
             Succumbed to a killer bee's poison
             ... on level 8 of the Dungeon.
             The game lasted 00:21:10 (22142 turns).

Pepete the Nimble (Felid Fire Elementalist)        Turns: 22142, Time: 00:21:11

Health: -1/31      AC:  2    Str:  6    XL:     8   Next: 86%
Magic:  18/38      EV: 22    Int: 20    God:    Gozag
Gold:   604        SH:  0    Dex: 17    Spells: 12/22 levels left
                                        Lives:  0   Deaths: 2

rFire   . . .        (weapon unavailable)
rCold   . . .        (shield unavailable)
rNeg    + . .        (body armour unavailable)
rPois   .            (helmet unavailable)
rElec   .            (cloak unavailable)
rCorr   .            (gloves unavailable)
SInv    +            (boots unavailable)
Will    +....        y - amulet of the Death Scarab {RegenMP rN+ Str+2}
Stlth   +++          a - ring of magical power
HPRegen 0.25/turn    i - ring of magical power
MPRegen 0.66/turn

%: no passive effects
@: lethally poisoned (-1 -> -27), gold aura, attractive, studying Stealth, quick
A: very small, claws 1, fangs 3, see invisible, speed 1, shaggy fur 2, stealthy
paws, no weapons or thrown items, no armour, multi-lived
a: Renounce Religion, Potion Petition, Call Merchant, Bribe Branch


You were on level 8 of the Dungeon.
You worshipped Gozag.
Gozag was pleased with you.
You visited 2 branches of the dungeon, and saw 9 of its levels.
You also visited: Sewer.

You collected 1242 gold pieces.
You spent 544 gold pieces at shops.
You paid 94 gold pieces to Gozag.

Inventory:

Jewellery
 a - a ring of magical power (left paw)
 h - a +4 ring of protection
 i - a ring of magical power (right paw)
 p - a +5 ring of evasion
 y - the amulet of the Death Scarab (around neck) {RegenMP rN+ Str+2}
   (You bought it in a shop on level 1 of the Dungeon)

   [amulet of magic regeneration]

   It increases your rate of magic regeneration.
   Str:       It affects your strength (+2).
   rN:        It protects you from negative energy.
 A - an amulet of the acrobat
 B - an amulet of regeneration
 H - a ring of protection from fire
Wands
 l - a wand of flame (22)
 q - a wand of charming (22)
 z - a wand of mindburst (41)
Scrolls
 d - 2 scrolls of noise
 f - 2 scrolls of teleportation
 g - a scroll of fog {unknown}
 m - a scroll of immolation {unknown}
 r - a scroll of poison {unknown}
 s - a scroll of magic mapping
 w - a scroll of vulnerability
 x - 4 scrolls of fear
 C - a scroll of torment {unknown}
 D - a scroll of identify
 G - a scroll of enchant armour {unknown}
Potions
 b - 2 potions of haste
 c - 3 potions of might
 e - a potion of resistance
 j - 2 potions of mutation
 k - 6 potions of degeneration
 n - a potion of berserk rage {unknown}
 o - a potion of attraction
 t - 2 potions of brilliance
 u - 5 potions of flight
 v - a potion of magic
 E - a potion of curing {unknown}
 F - a potion of cancellation {unknown}


   Skills:
 - Level 8.5 Dodging
 + Level 4.5 Stealth
 + Level 7.5 Spellcasting
 * Level 6.4 Conjurations
 * Level 7.0 Fire Magic


You had 12 spell levels left.
You knew the following spells:

 Your Spells              Type           Power      Damage    Failure   Level
a - Foxfire               Conj/Fire      100%       2x1d9     1%          1
b - Scorch                Fire           70%        2d8       1%          2
c - Volatile Blastmotes   Fire/Tloc      42%        2d13      6%          3
d - Flame Wave            Conj/Fire      34%        2d10      5%          4

Your spell library contained the following spells:

 Spells                   Type           Power      Damage    Failure   Level
 Inner Flame              Hex/Fire       21%        N/A       6%          3
 Slow                     Hex            28%        N/A       9%          1
 Confusing Touch          Hex            7%         N/A       26%         3
 Vampiric Draining        Necr           7%         2d6       26%         3
 Manifold Assault         Tloc           7%         N/A       65%         4
 Dispersal                Tloc           3%         N/A       100%        6
 Disjunction              Tloc           3%         N/A       100%        8


Dungeon Overview and Level Annotations

Branches:
Dungeon (8/15)             Temple (1/1) D:4           Sewer (visited)
   Lair: D:8-11

Altars:
Cheibriados
Dithmenos
Elyvilon
Fedhas
Gozag
Kikubaaqudgha
Makhleb
Okawaru
Sif Muna
Uskayaw
Wu Jian
Xom
Zin
The Shining One
Lugonu

Shops:
D:1 =

Annotations:
D:3 3 runed translucent doors, premas's ghost, amateur KoHu
D:6 2 transporters


Innate Abilities, Weirdness & Mutations

You have sharp claws.
You have razor-sharp teeth.
You have supernaturally acute eyesight. (SInv)
You cover ground quickly. (Speed+)
You are covered in thick fur. (AC +2)
Your paws help you pounce on unaware monsters.
You are incapable of wielding weapons or throwing items.
You cannot wear armour.
You gain extra lives every three experience levels.


Message History

The water moccasin is almost dead.
The killer bee closely misses you.
The water moccasin completely misses you.
The killer bee completely misses you. The water moccasin barely misses you.
You conjure some foxfire!
The killer bee closely misses you. The water moccasin closely misses you.
The killer bee completely misses you.
Casting: Foxfire (safe; 1% risk of failure)
Confirm with . or Enter, or press ? or * to list all spells.
Flames lash the killer bee.
The killer bee is burned terribly!
You kill the killer bee!
The foxfire hits the water moccasin!
You kill the water moccasin!
A killer bee comes into view.
The foxfire hits the orc wizard.
The orc wizard is moderately wounded.
You conjure some foxfire!
The orc wizard hits you with a +1 dagger of venom.
You are poisoned.
A killer bee comes into view.
Casting: Foxfire (safe; 1% risk of failure)
Confirm with . or Enter, or press ? or * to list all spells.
Flames lash the killer bee.
The killer bee is lightly wounded.
The killer bee's fire resistance burns away.
You feel sick.
The foxfire hits the orc wizard.
The orc wizard is severely wounded.
The foxfire hits the orc wizard.
The orc wizard is almost dead.
The killer bee completely misses you.
The orc wizard hits you with a +1 dagger of venom.
You are lethally poisoned!
The killer bee stings you!
* * * LOW HITPOINT WARNING * * *
You are more poisoned.
The killer bee poisons you!
The killer bee is distracted by your dazzling golden aura.
It was a potion of attraction.
You feel attractive to monsters.
You die...
Your body crumbles into a pile of gold.

############
##...#..#...##
#.......@o...#
#.......y>...#
#..#..###y####
## #+## #.#
#....§§$.#
#...§.§..#
.8.§.§...#
.S.o##.###
..8. #.


You could see 2 killer bees and an orc wizard (invisible).

Vanquished Creatures
  Pikel (D:6)
  Sigmund (D:2)
  Edmund (D:6)
  3 water moccasins
  Duvessa (D:6)
  An orc warrior (D:6)
  A sky beast (D:6)
  3 ice beasts
  A phantom (D:6)
  A centaur (D:6)
  4 kobold brigands (Sewer)
  2 wyvern zombies (D:8)
  A scorpion (D:3)
  A wight (D:8)
  Dowan (D:6)
  5 killer bees
  6 hounds
  4 jellies
  An orc priest (D:4)
  2 gnoll boudas (D:5)
  2 sleepcaps
  6 iguanas
  6 orc wizards
  16 gnolls
  11 adders
  5 river rats
  2 white imps
  An ufetubus (D:6)
  3 worms
  3 dart slugs
  10 orcs
  18 endoplasms
  5 giant cockroaches
  6 goblins
  10 hobgoblins
  4 jackals
  2 quokkas (D:3)
  9 ball pythons
  6 bats
  7 frilled lizards
  14 kobolds
  14 rats
201 creatures vanquished.

Vanquished Creatures (others)
  946 foxfires
946 creatures vanquished.

Grand Total: 1147 creatures vanquished

Notes
Turn   | Place    | Note
-------+----------+-------------------------------------------
     0 | D:1      | Pepete the Felid Fire Elementalist began the quest for the
                  | Orb.
     0 | D:1      | Reached XP level 1. HP: 7/7 MP: 4/4
   371 | D:1      | Reached skill level 3 in Dodging
   371 | D:1      | Reached XP level 2. HP: 11/11 MP: 0/6
  1545 | D:1      | Found Uzu Atau's Jewellery Boutique.
  2155 | D:1      | Reached XP level 3. HP: 14/14 MP: 5/8
  2678 | D:2      | Noticed Sigmund
  2936 | D:1      | Learned a level 2 spell: Scorch
  2953 | D:2      | Killed Sigmund
  2954 | D:2      | Reached skill level 5 in Dodging
  2954 | D:2      | Reached XP level 4. HP: 18/18 MP: 3/11
  2954 | D:2      | Reached XP level 5. HP: 21/21 MP: 3/12
  3951 | D:2      | Reached skill level 6 in Dodging
  4035 | D:2      | Gained mutation: You are covered in thick fur. (AC +2)
                  | [Felid growth]
  4035 | D:2      | Reached XP level 6. HP: 24/24 MP: 3/13
  6985 | D:2      | Found a faded altar of an unknown god.
  7636 | D:3      | Found a snail-covered altar of Cheibriados.
  7744 | D:3      | Identified the orb of Mefimik {mayhem, Regen+}
  7782 | D:3      | Found a runed translucent gate.
  7782 | D:3      | Found a runed translucent gate.
  7782 | D:3      | Found a runed translucent gate.
  8004 | D:3      | Noticed premas's ghost (amateur KoHu)
  9017 | D:4      | Found a staircase to the Ecumenical Temple.
  9037 | D:3      | Reached skill level 7 in Dodging
  9250 | Temple   | Entered the Ecumenical Temple
  9321 | Temple   | Became a worshipper of Gozag Ym Sagoz the Greedy
  9356 | D:4      | Found a glowing drain.
  9380 | Sewer    | Entered a sewer
 10370 | Sewer    | Reached skill level 5 in Spellcasting
 10466 | Sewer    | Reached XP level 7. HP: 27/27 MP: 15/15
 10861 | Sewer    | Reached skill level 8 in Dodging
 13198 | D:4      | Killed from afar by an orc priest
 13199 | D:4      | Reached XP level 6. HP: -2/24 MP: 25/33
 13215 | D:4      | Reached skill level 1 in Conjurations
 13276 | D:4      | Reached XP level 7. HP: 27/27 MP: 17/17
 14155 | D:4      | Learned a level 3 spell: Volatile Blastmotes
 14160 | D:4      | Learned a level 4 spell: Flame Wave
 14181 | D:5      | Entered Level 5 of the Dungeon
 16580 | D:5      | Reached XP level 8. HP: 27/31 MP: 18/18
 16762 | D:1      | Bought the amulet of the Death Scarab {RegenMP rN+ Str+2}
                  | for 544 gold pieces
 17563 | D:6      | Noticed Pikel
 17575 | D:6      | Killed Pikel
 17576 | D:6      | Reached skill level 5 in Fire Magic
 17607 | D:6      | Noticed Edmund
 17640 | D:6      | Killed Edmund
 17641 | D:6      | Reached skill level 5 in Conjurations
 17827 | D:6      | Reached XP level 9. HP: 26/34 MP: 20/20
 18155 | D:6      | Found an ornate altar of the Wu Jian Council.
 18155 | D:6      | Found a white marble altar of Elyvilon.
 18155 | D:6      | Found an iron altar of Okawaru.
 18160 | D:6      | Noticed a two-headed ogre
 18160 | D:6      | Noticed an unseen horror
 18203 | D:6      | Found a transporter.
 18209 | D:6      | Found a transporter.
 18227 | D:6      | Noticed Dowan
 18228 | D:6      | Noticed Duvessa
 18239 | D:6      | Killed Dowan
 18248 | D:6      | Killed Duvessa
 19886 | D:7      | Found a burning altar of Makhleb.
 21508 | D:7      | Found a hide-covered altar of Uskayaw.
 21563 | D:7      | Found a blossoming altar of Fedhas.
 22096 | D:8      | Slain by an unseen horror zombie
 22097 | D:8      | Reached XP level 8. HP: -1/31 MP: 38/38
 22142 | D:8      | Succumbed to a killer bee's poison

Illustrated notes

Levels and vault maps discovered:
D:1:      dpeg_arrival_pits, layout_basic, serial_shops, shop
D:2:      cheibrodos_fertilizer, layout_loops_ring,
          dreamdust_ecumenical_altar_hidden_monk_grotto, serial_glass,
          glass_columns_b, glass_columns_b, item_on_display_b,
          due_unseen_surprise, minmay_strange_pillars, item_on_display_a,
          uniq_sigmund
D:3:      minmay_diamond_boxcup, layout_loops_ring,
          mainiacjoe_overflow_cross_hatched, gammafunk_ghost_icy
D:4:      layout_rooms, minmay_temple_entry_statues_fountains,
          portal_sewer_entry_c
D:5:      layout_loops_ring
D:6:      layout_layer_cave, gammafunk_temple_overflow_arena, uniq_duvessa,
          uniq_edmund, uniq_pikel
D:7:      layout_rooms, mainiacjoe_overflow_brackets,
          eat_drink_and_be_merry_uskayaw, mainiacjoe_overflow_boulevard,
          amcnicky_mini_pool_small, nrook_mini_vaults, hex_large
D:8:      layout_gridville, serial_undead, serial_undead_a, serial_undead_e,
          serial_undead_f, serial_undead_c, uniq_prince_ribbit1
Temple:   corrupted_temple

Skill      XL: |  1  2  3  4  5  6  7  8  9 |
---------------+----------------------------+-----
Dodging        | 3 5 6 7 8 |  8.5
Spellcasting   | 4 6 7 |  7.5
Conjurations   | 1 3 5 6 |  6.4
Fire Magic     | 3 4 7 6 |  7.0
Stealth        | 4 3 |  4.5

Action                     |  1- 3 |  4- 6 |  7- 9 || total
---------------------------+-------+-------+-------++-------
  Melee: Unarmed           |     2 |     2 |       ||     4
         Bite              |     1 |       |       ||     1
   Cast: Foxfire           |    69 |   178 |   358 ||   605
         Scorch            |     5 |    45 |   107 ||   157
         Volatile Blastmot |       |       |     2 ||     2
    Use: Scroll            |     2 |     8 |     4 ||    14
         Potion            |     1 |     1 |     4 ||     6
 Armour: Skin              |     1 |     4 |     6 ||    11
  Dodge: Dodged            |    23 |    41 |   134 ||   198
